 Dungeon Crawl Stone Soup version 0.22-a0-443-g17c3723 (webtiles) character file.

466 Gorglomux the Chopper (level 7, -3/41 HPs)
             Began as a Gargoyle Fighter on June 1, 2018.
             Was a Follower of Okawaru.
             Slain by a two-headed ogre
             ... wielding a +0 giant spiked club
              (30 damage)
             ... on level 4 of the Dungeon.
             The game lasted 00:01:48 (2400 turns).

Gorglomux the Chopper (Gargoyle Fighter)            Turns: 2400, Time: 00:01:49

Health: -3/41      AC: 11    Str: 21    XL:     7   Next: 8%
Magic:  7/7        EV:  7    Int:  9    God:    Okawaru [*.....]
Gold:   130        SH:  9    Dex:  9    Spells: 6/6 levels left

rFire    . . .     SeeInvis .   a - +1 war axe
rCold    . . .     Gourm    .   c - +0 shield
rNeg     + . .     Faith    .   b - +0 scale mail
rPois    ∞         Spirit   .   (no helmet)
rElec    +         Reflect  .   (no cloak)
rCorr    .         Harm     .   (no gloves)
MR       .....                  (no boots)
Stlth    ..........             (no amulet)
HPRegen  0.13/turn              (no ring)
MPRegen  0.10/turn              (no ring)

@: no status effects
A: negative energy resistance 1, electricity resistance, unbreathing,
petrification resistance, rot immunity, AC +4
a: Heroism, Renounce Religion


You were on level 4 of the Dungeon.
You worshipped Okawaru.
Okawaru was aware of your devotion.
You were not hungry.

You visited 1 branch of the dungeon, and saw 4 of its levels.

You collected 130 gold pieces.

Inventory:

Hand Weapons
 a - a +1 war axe (weapon)
Armour
 b - a +0 scale mail (worn)
 c - a +0 shield (worn)
Wands
 S - a wand of scattershot (2)
Scrolls
 n - a scroll of magic mapping {unknown}
 p - 2 scrolls of enchant weapon
 s - a scroll of fear {unknown}
 v - a scroll of immolation {unknown}
 R - a scroll of identify
 V - a scroll of teleportation {unknown}
Potions
 d - a potion of might
 o - a potion of degeneration
 q - 3 potions of magic
 u - 2 potions of lignification
 w - a potion of haste
 Q - 2 potions of curing
 U - a potion of ambrosia
Comestibles
 f - 5 rations
 W - 2 chunks of flesh


   Skills:
 - Level 3.2 Fighting
 + Level 6.8 Axes
 - Level 3.2 Armour
 - Level 3.2 Shields


You had 6 spell levels left.
You didn't know any spells.
Your spell library contained the following spells:

 Spells                   Type           Power        Failure   Level  Hunger
 Spider Form              Tmut/Pois      #.........   100%        3    ####...
 Blade Hands              Tmut           #.........   100%        5    ######.
 Ice Form                 Ice/Tmut       #.......     100%        4    #####..
 Sticks to Snakes         Tmut           #.......     100%        2    ###....
 Beastly Appendage        Tmut           #.....       99%         1    ##.....


Dungeon Overview and Level Annotations

Branches:
Dungeon (4/15)
 Temple: D:4-7

Altars:
Ashenzari
Dithmenos
Gozag
Okawaru
Qazlal
Vehumet
Wu Jian
Zin


Innate Abilities, Weirdness & Mutations

You are resistant to torment.
Your stone body is resilient. (AC +4)
You are immune to poison.
You resist negative energy. (rN+)
You are resistant to electric shocks. (rElec)
You can survive without breathing.
You are immune to petrification.
You are immune to rotting.


Message History

You are too injured to fight recklessly!!!
You are too injured to fight recklessly!!!
There are monsters nearby!!!
The worker ant twitches its antennae in your direction!
Unknown command!
You block the worker ant's attack! x2
The worker ant barely misses you!
The worker ant bites you but does no damage!
The worker ant barely misses you! You block the worker ant's attack!
Some of the chunks of flesh in your inventory have rotted away!
Found a ration!
You see here a ration!
Found a scroll of identify!
There is a stone staircase leading down here!
Some of the chunks of flesh in your butt butt rotted away!
You block the two-headed ogre's attack! The two-headed ogre barely misses you!
The two-headed ogre hits you with a giant spiked club!!!!!!
DANG rip

# #<###.#≈≈≈#..#####.##....####
##. .. ...##'##÷..........#......
...##.##.##..#...#####.##.#..###.
......##.#.......# #........##.
..........[......# #.##.#......
....#..#.#.......# #.##..<...#.
....#).#.#####...#####.##.#......
.........# #............##.#.#.
.......### #.#@#####.......#.##
#####.## #.O.# ###########.#
####.### ##a## #...a%..# #.#
##......# #.####.#####a# #.#
......#.# #.........##.###.##
##.####.#### #.......#.##.##.#..
##.##......####.####>.#.##.###.#.
##.##.#.##.........#.......# ###.
##......#######.##........## #.


You could see a two-headed ogre and a worker ant.

Vanquished Creatures
  Menkaure (D:4)
  Purgy (D:4)
  A scorpion (D:4)
  Natasha (D:4)
  2 worker ants (D:4)
  3 adders
  3 oozes (D:3)
  4 dart slugs
  2 worms
  2 leopard geckos
  4 orcs (D:4)
  2 giant cockroaches
  7 goblins
  8 hobgoblins
  4 jackals (D:3)
  9 kobolds
  A quokka (D:4)
  5 bats
  11 rats
71 creatures vanquished.

Notes
Turn   | Place    | Note
-------+----------+-------------------------------------------
     0 | D:1      | Gorglomux the Gargoyle Fighter began the quest for the Orb.
     0 | D:1      | Reached XP level 1. HP: 14/14 MP: 1/1
   125 | D:1      | Reached skill level 2 in Axes
   207 | D:1      | Reached XP level 2. HP: 19/19 MP: 2/2
   482 | D:2      | Reached skill level 3 in Axes
   496 | D:2      | Reached XP level 3. HP: 16/23 MP: 3/3
   812 | D:2      | Found an ornate altar of the Wu Jian Council.
   813 | D:2      | Found an opulent altar of Gozag.
   938 | D:2      | Reached XP level 4. HP: 17/28 MP: 4/4
  1035 | D:3      | Reached skill level 4 in Axes
  1148 | D:3      | Found a shattered altar of Ashenzari.
  1149 | D:3      | Found a glowing silver altar of Zin.
  1184 | D:3      | Found a radiant altar of Vehumet.
  1207 | D:3      | Found a shadowy altar of Dithmenos.
  1240 | D:3      | Found an iron altar of Okawaru.
  1248 | D:3      | Became a worshipper of Warmaster Okawaru
  1688 | D:4      | Reached XP level 5. HP: 32/32 MP: 5/5
  1716 | D:4      | Noticed Menkaure
  1725 | D:4      | Killed Menkaure
  1725 | D:4      | Reached * piety under Okawaru
  1725 | D:4      | Reached skill level 5 in Axes
  1725 | D:4      | Reached XP level 6. HP: 26/37 MP: 6/6
  2105 | D:4      | Found a stormy altar of Qazlal.
  2117 | D:4      | Reached skill level 6 in Axes
  2149 | D:4      | Noticed Purgy
  2164 | D:4      | Killed Purgy
  2218 | D:4      | Noticed Natasha
  2226 | D:4      | Killed Natasha
  2226 | D:4      | Reached XP level 7. HP: 31/41 MP: 7/7
  2328 | D:4      | Noticed a two-headed ogre
  2400 | D:4      | Slain by a two-headed ogre

Vault maps used:
D:1:      lightli_arrival_maybe_door_vault, item_on_display_a
D:2:      gammafunk_temple_overflow_statue
D:3:      kennysheep_okawaru_gauntlet, grunt_temple_overflow_open
D:4:      first_ration, minmay_liquid_box, nicolae_qazlal_general_emergency,
          uniq_natasha, uniq_purgy, uniq_menkaure

Skill      XL: |  1  2  3  4  5  6 |
---------------+-------------------+-----
Axes           | 2 3 4 5 6 |  6.8
Fighting       | |  3.2
Armour         | |  3.2
Shields        | |  3.2

Action                   |  1- 3 |  4- 6 |  7- 9 || total
-------------------------+-------+-------+-------++-------
Melee: War axe           |    99 |   138 |    14 ||   251
  Use: Scroll            |       |    12 |       ||    12
  Eat: Chunk             |       |     5 |       ||     5
Armor: Scale mail        |    56 |    77 |     6 ||   139
Dodge: Dodged            |    30 |    58 |     7 ||    95
Block: Shield            |    56 |    91 |    14 ||   161

Table legend:
 A = Spawn XP
 B = Non-spawn XP
 C = Spawn XP percentage of total XP
 D = Spawn monster count
 E = Non-spawn monster count
 F = Spawn count percentage of total count
 G = Total turns spent on level
                    A         B        C        D         E        F      G
               +---------+---------+-------+---------+---------+-------+---------
         Total |       0 |     666 |   0.0 |       0 |      71 |   0.0 |  2400
               +---------+---------+-------+---------+---------+-------+---------
           D:1 |       0 |      27 |   0.0 |       0 |      14 |   0.0 |   451
           D:2 |       0 |      55 |   0.0 |       0 |      23 |   0.0 |   521
           D:3 |       0 |      68 |   0.0 |       0 |      21 |   0.0 |   710
           D:4 |       0 |     516 |   0.0 |       0 |      13 |   0.0 |   718
               +---------+---------+-------+---------+---------+-------+---------
